TOP OF THE 1ST |
Lehigh Valley IronPigs batting - Pitching for El Paso Chihuahuas : RHP Jorge Guerrero
|
Pitching: RHP Jorge Guerrero
|
|
Batting: LHB Theodore Conboy
|
0-0: Called Strike 0-1: Foul Ball, location: 2F 0-2: Fly out, F7 (Flyball, 7D, EV 96.9 MPH)
|
Batting: RHB Mark Schultz
|
0-0: Ball 1-0: SINGLE (Line Drive, 78M, EV 95.6 MPH)
|
Batting: RHB Carlos Morejon
|
0-0: Foul Ball, location: 2F 0-1: Ball 1-1: Called Strike Mark Schultz steals 2nd base 1-2: Ball 2-2: Foul Ball, location: 2F 2-2: Ball 3-2: Foul Ball, location: 2F 3-2: SINGLE (Groundball, 5, EV 98.1 MPH) Mark Schultz to third Runner from 3rd tries for Home, SAFE, throw by LF to home
|
Batting: LHB Josh George
|
0-0: Called Strike 0-1: Ball 1-1: Ball 2-1: Fly out, F4 (Line Drive, 4D, EV 72.5 MPH)
|
Batting: LHB Jose Carlos
|
0-0: Foul Ball, location: 2F 0-1: Fly out, F8 (Line Drive, 89M, EV 103.1 MPH)
|
Top of the 1st over - 1 run, 2 hits, 0 errors, 1 left on base; Lehigh Valley 1 - El Paso 0 |
BOTTOM OF THE 1ST |
El Paso Chihuahuas batting - Pitching for Lehigh Valley IronPigs : RHP Victor Hurtado
|
Pitching: RHP Victor Hurtado
|
|
Batting: RHB Wally Cangro
|
0-0: SOLO HOME RUN (Flyball, 7D, EV 108.8 MPH), Distance : 389 ft
|
Batting: RHB Rodolfo Rivera
|
0-0: Ground out 6-3 (Groundball, 56, EV 82.5 MPH)
|
Batting: SHB Adam Martin
|
0-0: Called Strike 0-1: Reached on error, E8 (Flyball, 8LS, EV 82.5 MPH)
|
Batting: LHB Angel Mejia
|
0-0: Called Strike 0-1: Ball 1-1: Called Strike 1-2: Strikes out looking
|
Batting: LHB Carlos Cuellar
|
0-0: Swinging Strike 0-1: DOUBLE (Line Drive, 7LS, EV 95.6 MPH) Adam Martin to third
|
Batting: RHB Andy Sheridan
|
0-0: SINGLE (Groundball, 34D, EV 98.1 MPH) Adam Martin scores Carlos Cuellar to third Runner from 3rd tries for Home, SAFE, throw by RF to home Andy Sheridan to second
|
Batting: RHB Chase Briney
|
0-0: Foul Ball, location: 2F 0-1: Foul Ball, location: 2F 0-2: Foul Ball, location: 2F 0-2: Foul Ball, location: 2F 0-2: Strikes out swinging
|
Bottom of the 1st over - 3 runs, 3 hits, 1 error, 1 left on base; Lehigh Valley 1 - El Paso 3 |
TOP OF THE 2ND |
Lehigh Valley IronPigs batting - Pitching for El Paso Chihuahuas : RHP Jorge Guerrero
|
Batting: SHB Marco de Leon
|
0-0: Called Strike 0-1: Called Strike 0-2: Strikes out swinging
|
Batting: RHB Moritake Fukumoto
|
0-0: Ball 1-0: SINGLE (Flyball, 5D, EV 91.2 MPH)
|
Batting: RHB Kyle Reilly
|
0-0: Called Strike 0-1: Swinging Strike 0-2: Strikes out swinging
|
Batting: SHB Bob Dixon
|
0-0: Fielders Choice at 2nd, U6 (Groundball, 4, EV 88.8 MPH)
|
Top of the 2nd over - 0 runs, 1 hit, 0 errors, 1 left on base; Lehigh Valley 1 - El Paso 3 |
BOTTOM OF THE 2ND |
El Paso Chihuahuas batting - Pitching for Lehigh Valley IronPigs : RHP Victor Hurtado
|
Batting: RHB Roberto Lemus
|
0-0: Foul Ball, location: 2F 0-1: Ground out 4-3 (Groundball, 4S, EV 71.9 MPH)
|
Batting: RHB Lamberto Amicis
|
0-0: Ball 1-0: SINGLE (Groundball, 56S, EV 70.0 MPH) (infield hit)
|
Batting: RHB Wally Cangro
|
0-0: Ball Lamberto Amicis steals 2nd base 1-0: Swinging Strike 1-1: Ball 2-1: Foul Ball, location: 2F 2-2: Foul Ball, location: 2F 2-2: Strikes out swinging
|
Batting: RHB Rodolfo Rivera
|
0-0: Foul Ball, location: 2F 0-1: Ball 1-1: Fly out, F9 (Flyball, 9D, EV 90.0 MPH)
|
Bottom of the 2nd over - 0 runs, 1 hit, 0 errors, 1 left on base; Lehigh Valley 1 - El Paso 3 |
TOP OF THE 3RD |
Lehigh Valley IronPigs batting - Pitching for El Paso Chihuahuas : RHP Jorge Guerrero
|
Batting: LHB Theodore Conboy
|
0-0: Ball 1-0: Called Strike 1-1: SINGLE (Line Drive, 8LM, EV 89.4 MPH)
|
Batting: RHB Mark Schultz
|
0-0: Ball Theodore Conboy is caught stealing 2nd base 2-4 1-0: Ball 2-0: Fly out, F9 (Flyball, 9LM, EV 101.2 MPH)
|
Batting: RHB Carlos Morejon
|
0-0: Reached on error, E5 (Groundball, 56, EV 98.1 MPH)
|
Batting: LHB Josh George
|
0-0: Called Strike 0-1: Ball 1-1: Called Strike 1-2: Ball 2-2: Strikes out swinging
|
Top of the 3rd over - 0 runs, 1 hit, 1 error, 1 left on base; Lehigh Valley 1 - El Paso 3 |
BOTTOM OF THE 3RD |
El Paso Chihuahuas batting - Pitching for Lehigh Valley IronPigs : RHP Victor Hurtado
|
Batting: SHB Adam Martin
|
0-0: Called Strike 0-1: Swinging Strike 0-2: Foul Ball, location: 2F 0-2: Ball 1-2: Foul Ball, location: 2F 1-2: Ball 2-2: Ball 3-2: Base on Balls
|
Batting: LHB Angel Mejia
|
0-0: Ball 1-0: Fielders Choice at 2nd, 4-6 (Groundball, 3, EV 110.0 MPH)
|
Batting: LHB Carlos Cuellar
|
0-0: Ball 1-0: Called Strike 1-1: Foul Ball, location: 2F 1-2: Ball 2-2: Foul Ball, location: 2F 2-2: Grounds into double play, 6-4-3 (Groundball, 6, EV 101.2 MPH)
|
Bottom of the 3rd over - 0 runs, 0 hits, 0 errors, 0 left on base; Lehigh Valley 1 - El Paso 3 |
TOP OF THE 4TH |
Lehigh Valley IronPigs batting - Pitching for El Paso Chihuahuas : RHP Jorge Guerrero
|
Batting: LHB Jose Carlos
|
0-0: Ball 1-0: Ground out 6-3 (Groundball, 6, EV 102.5 MPH)
|
Batting: SHB Marco de Leon
|
0-0: Called Strike 0-1: Swinging Strike 0-2: Ball 1-2: Strikes out swinging
|
Batting: RHB Moritake Fukumoto
|
0-0: Ground out 4-3 (Groundball, 4S, EV 65.0 MPH)
|
Top of the 4th over - 0 runs, 0 hits, 0 errors, 0 left on base; Lehigh Valley 1 - El Paso 3 |
BOTTOM OF THE 4TH |
El Paso Chihuahuas batting - Pitching for Lehigh Valley IronPigs : RHP Victor Hurtado
|
Batting: RHB Andy Sheridan
|
0-0: Ball 1-0: Called Strike 1-1: Ball 2-1: Called Strike 2-2: Foul Ball, location: 2F 2-2: Strikes out swinging
|
Batting: RHB Chase Briney
|
0-0: Ball 1-0: Called Strike 1-1: Ball 2-1: Ball 3-1: Base on Balls
|
Batting: RHB Roberto Lemus
|
0-0: Grounds into double play, 6-4-3 (Groundball, 6, EV 105.0 MPH)
|
Bottom of the 4th over - 0 runs, 0 hits, 0 errors, 0 left on base; Lehigh Valley 1 - El Paso 3 |
TOP OF THE 5TH |
Lehigh Valley IronPigs batting - Pitching for El Paso Chihuahuas : RHP Jorge Guerrero
|
Batting: RHB Kyle Reilly
|
0-0: Ball 1-0: Ball 2-0: Swinging Strike 2-1: Called Strike 2-2: Ball 3-2: Fly out, F8 (Flyball, 8RD, EV 96.9 MPH)
|
Batting: SHB Bob Dixon
|
0-0: Swinging Strike 0-1: Ball 1-1: Ball 2-1: Called Strike 2-2: Foul Ball, location: 2F 2-2: Foul Ball, location: 2F 2-2: Ball 3-2: Foul Ball, location: 2F 3-2: Strikes out swinging
|
Batting: LHB Theodore Conboy
|
0-0: Called Strike 0-1: Ball 1-1: Swinging Strike 1-2: Foul Ball, location: 2F 1-2: Foul Ball, location: 2F 1-2: Ball 2-2: SINGLE (Groundball, 56S, EV 73.1 MPH) (infield hit)
|
Batting: RHB Mark Schultz
|
0-0: Ball 1-0: Swinging Strike Pickoff Throw by Catcher to First - Out!
|
Top of the 5th over - 0 runs, 1 hit, 0 errors, 0 left on base; Lehigh Valley 1 - El Paso 3 |
BOTTOM OF THE 5TH |
El Paso Chihuahuas batting - Pitching for Lehigh Valley IronPigs : RHP Victor Hurtado
|
Batting: RHB Lamberto Amicis
|
0-0: Ball 1-0: Ball 2-0: Ground out 5-3 (Groundball, 56, EV 105.6 MPH)
|
Batting: RHB Wally Cangro
|
0-0: Ball 1-0: Ball 2-0: Ground out 4-3 (Groundball, 4, EV 80.0 MPH)
|
Batting: RHB Rodolfo Rivera
|
0-0: Foul Ball, location: 2F 0-1: Called Strike 0-2: Ball 1-2: Strikes out swinging
|
Bottom of the 5th over - 0 runs, 0 hits, 0 errors, 0 left on base; Lehigh Valley 1 - El Paso 3 |
TOP OF THE 6TH |
Lehigh Valley IronPigs batting - Pitching for El Paso Chihuahuas : RHP Jorge Guerrero
|
Batting: RHB Mark Schultz
|
0-0: Ball 1-0: Ball 2-0: Foul Ball, location: 2F 2-1: SINGLE (Groundball, 6, EV 93.8 MPH)
|
Batting: RHB Carlos Morejon
|
0-0: Called Strike 0-1: Ball 1-1: Called Strike 1-2: Ball 2-2: Grounds into double play, 5-4-3 (Groundball, 56S, EV 88.1 MPH)
|
Batting: LHB Josh George
|
0-0: Called Strike 0-1: TRIPLE (Flyball, 9LD, EV 93.8 MPH)
|
Batting: LHB Jose Carlos
|
0-0: Foul Ball, location: 2F 0-1: Ball 1-1: Swinging Strike 1-2: SINGLE (Groundball, 4MD, EV 110.0 MPH) Josh George scores
|
Batting: SHB Marco de Leon
|
0-0: Foul Ball, location: 2F 0-1: Foul Ball, location: 2F 0-2: Foul Ball, location: 2F 0-2: Hit by Pitch Jose Carlos to second
|
Batting: RHB Moritake Fukumoto
|
0-0: Ball 1-0: SINGLE (Line Drive, 56D, EV 95.6 MPH) Jose Carlos to third Marco de Leon to second Runner from 3rd tries for Home, SAFE, throw by LF to home
|
Batting: RHB Kyle Reilly
|
0-0: Fielders Choice at 2nd, 6-4 (Groundball, 6, EV 102.5 MPH)
|
Top of the 6th over - 2 runs, 4 hits, 0 errors, 2 left on base; Lehigh Valley 3 - El Paso 3 |
BOTTOM OF THE 6TH |
El Paso Chihuahuas batting - Pitching for Lehigh Valley IronPigs : RHP Victor Hurtado
|
Batting: SHB Adam Martin
|
0-0: Foul Ball, location: 2F 0-1: Fly out, F2 (Popup, 2RF, EV 84.4 MPH)
|
Batting: LHB Angel Mejia
|
0-0: Foul Ball, location: 2F 0-1: Ball 1-1: Swinging Strike 1-2: Strikes out looking
|
Batting: LHB Carlos Cuellar
|
0-0: Swinging Strike 0-1: Ball 1-1: Ball 2-1: Ball 3-1: Base on Balls
|
Batting: RHB Andy Sheridan
|
0-0: Ball 1-0: Ball 2-0: Fly out, F6 (Popup, 6S, EV 86.9 MPH)
|
Bottom of the 6th over - 0 runs, 0 hits, 0 errors, 1 left on base; Lehigh Valley 3 - El Paso 3 |
TOP OF THE 7TH |
Lehigh Valley IronPigs batting - Pitching for El Paso Chihuahuas : RHP Jorge Guerrero
|
Batting: SHB Bob Dixon
|
0-0: SINGLE (Groundball, 34D, EV 96.9 MPH)
|
Batting: LHB Theodore Conboy
|
0-0: Ball 1-0: Sac Bunt to P - play at first, batter OUT! 1-4 Bob Dixon to second
|
Batting: RHB Mark Schultz
|
0-0: Ball 1-0: Called Strike 1-1: Called Strike 1-2: Foul Ball, location: 2F 1-2: Ball 2-2: Strikes out swinging
|
Pitching: RHP Adrian de la Cerda
|
|
Batting: RHB Carlos Morejon
|
0-0: Ball 1-0: Ball 2-0: Called Strike 2-1: Ground out 4-3 (Groundball, 4, EV 89.4 MPH)
|
Top of the 7th over - 0 runs, 1 hit, 0 errors, 1 left on base; Lehigh Valley 3 - El Paso 3 |
BOTTOM OF THE 7TH |
El Paso Chihuahuas batting - Pitching for Lehigh Valley IronPigs : RHP Victor Hurtado
|
Batting: RHB Chase Briney
|
0-0: Ball 1-0: Ball 2-0: Foul Ball, location: 2F 2-1: Called Strike 2-2: Strikes out swinging
|
Batting: RHB Roberto Lemus
|
0-0: Called Strike 0-1: Ball 1-1: Ball 2-1: Foul Ball, location: 2F 2-2: DOUBLE (Line Drive, 9LM, EV 106.9 MPH)
|
Batting: RHB Lamberto Amicis
|
0-0: Called Strike 0-1: Foul Ball, location: 2F 0-2: Strikes out swinging
|
Pitching: RHP Josh Allport
|
|
Batting: RHB Wally Cangro
|
0-0: Ball 1-0: Foul Ball, location: 2F 1-1: Fly out, F7 (Flyball, 7D, EV 107.5 MPH)
|
Bottom of the 7th over - 0 runs, 1 hit, 0 errors, 1 left on base; Lehigh Valley 3 - El Paso 3 |
TOP OF THE 8TH |
Lehigh Valley IronPigs batting - Pitching for El Paso Chihuahuas : RHP Adrian de la Cerda
|
Batting: LHB Josh George
|
0-0: Ball 1-0: Called Strike 1-1: Ground out U3 (Groundball, 3, EV 81.2 MPH)
|
Batting: LHB Jose Carlos
|
0-0: Ball 1-0: Swinging Strike 1-1: Ball 2-1: Ball 3-1: Base on Balls
|
Batting: SHB Marco de Leon
|
0-0: Grounds out, U3 (Groundball, 3L, EV 91.9 MPH)
|
Batting: RHB Moritake Fukumoto
|
0-0: Foul Ball, location: 2F 0-1: Ball 1-1: Ball 2-1: SINGLE (Line Drive, 5D, EV 94.4 MPH) Jose Carlos to third
|
Batting: RHB Kyle Reilly
|
0-0: Foul Ball, location: 2F 0-1: Swinging Strike 0-2: Ball 1-2: Strikes out swinging
|
Top of the 8th over - 0 runs, 1 hit, 0 errors, 2 left on base; Lehigh Valley 3 - El Paso 3 |
BOTTOM OF THE 8TH |
El Paso Chihuahuas batting - Pitching for Lehigh Valley IronPigs : RHP Josh Allport
|
Pinch Hitting: LHB Hugo MacBeth
|
0-0: Ground out 4-3 (Groundball, 4D, EV 89.4 MPH)
|
Batting: SHB Adam Martin
|
0-0: Called Strike 0-1: Ball 1-1: Ball 2-1: Ground out 3-1 (Groundball, 34S, EV 80.6 MPH)
|
Batting: LHB Angel Mejia
|
0-0: Ball 1-0: Ball 2-0: Foul Ball, location: 2F 2-1: Foul Ball, location: 2F 2-2: Ground out U3 (Groundball, 3L, EV 92.5 MPH)
|
Bottom of the 8th over - 0 runs, 0 hits, 0 errors, 0 left on base; Lehigh Valley 3 - El Paso 3 |
TOP OF THE 9TH |
Lehigh Valley IronPigs batting - Pitching for El Paso Chihuahuas : RHP Adrian de la Cerda
|
Pitching: RHP Ching Ge
|
|
Now at C: Hugo MacBeth
|
|
Batting: SHB Bob Dixon
|
0-0: Called Strike 0-1: Fly out, F5 (Popup, 5SF, EV 66.2 MPH)
|
Batting: LHB Theodore Conboy
|
0-0: Called Strike 0-1: Ball 1-1: Foul Ball, location: 2F 1-2: Ball 2-2: Strikes out swinging
|
Batting: RHB Mark Schultz
|
0-0: Ball 1-0: Ball 2-0: Ball 3-0: Called Strike 3-1: Foul Ball, location: 2F 3-2: Base on Balls
|
Batting: RHB Carlos Morejon
|
0-0: Ball 1-0: Ball 2-0: Ball 3-0: Base on Balls Mark Schultz to second
|
Batting: LHB Josh George
|
0-0: Ball 1-0: Swinging Strike 1-1: Swinging Strike 1-2: Foul Ball, location: 2F 1-2: Foul Ball, location: 2F 1-2: Ground out U3 (Groundball, 34, EV 83.8 MPH)
|
Top of the 9th over - 0 runs, 0 hits, 0 errors, 2 left on base; Lehigh Valley 3 - El Paso 3 |
BOTTOM OF THE 9TH |
El Paso Chihuahuas batting - Pitching for Lehigh Valley IronPigs : RHP Josh Allport
|
Batting: LHB Carlos Cuellar
|
0-0: Called Strike 0-1: Fly out, F7 (Flyball, 78S, EV 81.9 MPH)
|
Batting: RHB Andy Sheridan
|
0-0: Swinging Strike 0-1: Foul Ball, location: 2F 0-2: Strikes out looking
|
Batting: RHB Chase Briney
|
0-0: Ball 1-0: Ball 2-0: Foul Ball, location: 2F 2-1: Ball 3-1: Called Strike 3-2: Base on Balls
|
Batting: RHB Roberto Lemus
|
0-0: Ball 1-0: Called Strike 1-1: Foul Ball, location: 2F 1-2: Ball 2-2: Ground out 1-3 (Groundball, 13S, EV 63.8 MPH)
|
Bottom of the 9th over - 0 runs, 0 hits, 0 errors, 1 left on base; Lehigh Valley 3 - El Paso 3 |
TOP OF THE 10TH |
Lehigh Valley IronPigs batting - Pitching for El Paso Chihuahuas : RHP Ching Ge
|
Batting: LHB Jose Carlos
|
0-0: Ball 1-0: Swinging Strike 1-1: SOLO HOME RUN (Flyball, 8RXD, EV 115.6 MPH), Distance : 456 ft
|
Batting: SHB Marco de Leon
|
0-0: Called Strike 0-1: Ball 1-1: Ball 2-1: Ball 3-1: Base on Balls
|
Pitching: RHP Carlos Sepulveda
|
|
Batting: RHB Moritake Fukumoto
|
0-0: Called Strike 0-1: Swinging Strike 0-2: Foul Ball, location: 2F 0-2: Ball 1-2: Strikes out swinging
|
Batting: RHB Kyle Reilly
|
0-0: Called Strike 0-1: Called Strike 0-2: Foul Ball, location: 2F 0-2: Ball 1-2: Ball 2-2: Foul Ball, location: 2F 2-2: Ground out 5-3 (Groundball, 56, EV 86.2 MPH) Marco de Leon to second
|
Batting: SHB Bob Dixon
|
0-0: Called Strike 0-1: Called Strike 0-2: SINGLE (Groundball, 56D, EV 98.8 MPH) Marco de Leon to third Runner from 3rd tries for Home, SAFE, throw by LF to home
|
Batting: LHB Theodore Conboy
|
0-0: Called Strike 0-1: Ball 1-1: Swinging Strike 1-2: Ball 2-2: Ball 3-2: Foul Ball, location: 2F 3-2: Foul Ball, location: 2F 3-2: Fly out, F8 (Flyball, 8LD, EV 100.0 MPH)
|
Top of the 10th over - 2 runs, 2 hits, 0 errors, 1 left on base; Lehigh Valley 5 - El Paso 3 |
BOTTOM OF THE 10TH |
El Paso Chihuahuas batting - Pitching for Lehigh Valley IronPigs : RHP Josh Allport
|
Now at C: Benjamin Brown
|
|
Now at 1B: Marco de Leon
|
|
Now at 2B: Jose Carlos
|
|
Batting: RHB Lamberto Amicis
|
0-0: Ground out 5-3 (Groundball, 5S, EV 73.8 MPH)
|
Batting: RHB Wally Cangro
|
0-0: Ground out 6-3 (Groundball, 6MS, EV 69.4 MPH)
|
Batting: LHB Hugo MacBeth
|
0-0: Called Strike 0-1: Ball 1-1: Ball 2-1: Swinging Strike 2-2: Ground out 4-3 (Groundball, 4, EV 91.2 MPH)
|
Bottom of the 10th over - 0 runs, 0 hits, 0 errors, 0 left on base; Lehigh Valley 5 - El Paso 3 |
|